 Dungeon Crawl Stone Soup version 0.18-a0-1266-g3be6530 (webtiles) character file.

39 RedPan the Sneak (level 3, -4/24 HPs)
             Began as a Vampire Enchanter on Feb 6, 2016.
             Slain by a quokka (5 damage)
             ... on level 2 of the Dungeon.
             The game lasted 00:03:07 (1199 turns).

RedPan the Sneak (Vampire Enchanter)                Turns: 1199, Time: 00:03:07

Health: -4/24      AC:  3    Str:  7    XL:     3   Next: 28%
Magic:  6/6        EV: 12    Int: 18    God:
Gold:   126        SH:  0    Dex: 14    Spells: 3 memorised, 0 levels left

rFire  . . .     SeeInvis +     a - +1 dagger
rCold  + . .     Gourm    .     b - +1 robe
rNeg   + + .     Faith    .     (no shield)
rPois  +         Spirit   .     (no helmet)
rElec  .         Dismiss  .     (no cloak)
rCorr  .         Reflect  .     (no gloves)
SustAt .         Harm     .     (no boots)
MR     .....                    (no amulet)
Stlth  +++.......               (no ring)
                                l - ring of loudness (curse)

@: regenerating slowly, not resistant to hostile enchantments, fairly stealthy
A: fangs 3, see invisible, unbreathing
a: Bat Form


You were on level 2 of the Dungeon.
You were thirsty.

You visited 1 branch of the dungeon, and saw 2 of its levels.

You collected 126 gold pieces.

Inventory:

Hand Weapons
 a - a +1 dagger (weapon)
 e - a +1 spear of piercing
Armour
 b - a +1 robe (worn)
Jewellery
 l - a cursed ring of loudness (left hand)
Scrolls
 f - a scroll of identify
Potions
 d - 11 potions of blood
 i - a potion of agility
Books
 c - a book of Maledictions

   Spells                             Type                      Level
   a - Corona                         Hexes                        1
   b - Ensorcelled Hibernation        Hexes/Ice                    2
   c - Confuse                        Hexes                        3
   d - Tukima's Dance                 Hexes                        3
   e - Dazzling Spray                 Conjuration/Hexes            3


   Skills:
 - Level 1.1 Short Blades
 - Level 2.1 Dodging
 + Level 6.7 Stealth
 - Level 2.0 Spellcasting
 - Level 4.4 Hexes


You couldn't memorise any spells.
You knew the following spells:

 Your Spells              Type           Power        Failure   Level  Hunger
a - Corona                Hex            ###....      3%          1    #......
b - Ensorcelled Hibernat  Hex/Ice        #.....       12%         2    ###....
c - Confuse               Hex            ###.....     12%         3    ###....


Dungeon Overview and Level Annotations

Branches:
Dungeon (2/15)

Altars:
Xom


Innate Abilities, Weirdness & Mutations

You heal slowly.
You have razor-sharp teeth.
You have supernaturally acute eyesight.
You can survive without breathing.


Message History

The hobgoblin is severely wounded.
The hobgoblin hits you with a club. The quokka bites you.
You hit the hobgoblin.
You kill the hobgoblin!
The quokka bites you. The quokka barely misses you.
You miss the quokka. The quokka closely misses you. x2
You barely miss the quokka. The quokka barely misses you. x2
You barely miss the quokka. The quokka bites you.
* * * LOW HITPOINT WARNING * * *
The quokka bites you.
* * * LOW HITPOINT WARNING * * *
You are too injured to fight recklessly!
You are too injured to fight recklessly!
You closely miss the quokka. The quokka barely misses you.
The quokka bites you.
* * * LOW HITPOINT WARNING * * *
Drink which item? (? for menu, Esc to quit)
Okay, then.
The quokka bites you.
You die...

,,,,,* #.,,* *,,...,,,,,,*,*
,,,,,* #.,,* *,.^.^,****,*,*
,,,,,****###...####+.^_^,*,,*,*,*
,,,,,+,,,......#.....^^^,**,*,*,,
,,,,,*#####....#........,*,,,,***
,,,,,.#...#....#........,**,*,,,,
**,,,...........).......,,,,,,,,,
*,,,..........#rr.....#**,,*,**,
*,,,..........#@.......,*,,*,**,
*,,,...................,*,,*,,,,
**,*##.......#.#####...,,,,*****
*>,................,..,,,,,,,,+
***########.#.#####,,.,,,******
#.#....#*,,,,,,******
#.#....#***,,,,,,,,,*
#.#....##***,,,,***,*
#####.......#,,,,,,,,,,,*


You could see 2 quokkas.

Vanquished Creatures
  4 giant geckos (D:1)
  A giant cockroach (D:1)
  3 goblins (D:1)
  6 hobgoblins
  3 jackals (D:1)
  A quokka (D:2)
  3 bats (D:1)
  4 giant newts (D:1)
  5 kobolds (D:1)
  4 rats
34 creatures vanquished.

Notes
Turn   | Place    | Note
--------------------------------------------------------------
     0 | D:1      | RedPan the Vampire Enchanter began the quest for the Orb.
     0 | D:1      | Reached XP level 1. HP: 13/13 MP: 3/3
   135 | D:1      | Reached skill level 5 in Stealth
   170 | D:1      | Reached XP level 2. HP: 13/19 MP: 5/5
   276 | D:1      | Reached skill level 6 in Stealth
   614 | D:1      | Reached XP level 3. HP: 12/24 MP: 6/6
   741 | D:1      | Learned a level 2 spell: Ensorcelled Hibernation
   751 | D:1      | Learned a level 3 spell: Confuse
  1189 | D:2      | Found a shimmering altar of Xom.
  1198 | D:2      | HP: 1/24 [quokka (1)]
  1199 | D:2      | Slain by a quokka

Vault maps used:
D:1:      minmay_arrival_hallway, hex_tiny
D:2:      xom_teletrap_fun

Action                   || total
-------------------------++-------
Melee: Spear             ||    68
       Dagger            ||    26
  Use: Scroll            ||     5
 Stab: Sleeping          ||    10
       Distracted        ||     1
